 Dungeon Crawl Stone Soup version 0.27.0-1-g7a089689b8 (webtiles) character file.

Game seed: 16865161013358783382

410 SnakkuSnakku7 the Skirmisher (level 6, -4/68 HPs)
             Began as an Ogre Enchanter on Aug 13, 2021.
             Was an Initiate of Wu Jian.
             Slain by an iguana (8 damage)
             ... on level 5 of the Dungeon.
             The game lasted 00:09:26 (5943 turns).

SnakkuSnakku7 the Skirmisher (Ogre Enchanter)       Turns: 5943, Time: 00:09:28

Health: -4/68      AC:  3    Str: 15    XL:     6   Next: 89%
Magic:  9/9        EV:  9    Int: 16    God:    Wu Jian [......]
Gold:   207        SH:  0    Dex:  9    Spells: 8/9 levels left

rFire    . . .     SeeInvis .   a - +0 whip
rCold    . . .     Faith    .   (no shield)
rNeg     . . .     Spirit   .   b - +0 robe
rPois    .         Reflect  .   (helmet restricted)
rElec    .         Harm     .   (no cloak)
rCorr    .         Rampage  .   (gloves unavailable)
Will     .....                  (boots unavailable)
Stlth    ++........             (no amulet)
HPRegen  0.21/turn              (no ring)
MPRegen  0.11/turn              (no ring)

@: no status effects
A: large, unfitting armour, tough skin 1
a: Renounce Religion


You were on level 5 of the Dungeon.
You worshipped Wu Jian.
Wu Jian was noncommittal.
You visited 2 branches of the dungeon, and saw 6 of its levels.

You collected 207 gold pieces.

Inventory:

Hand Weapons
 a - a +0 whip (weapon)
 g - a +1 dagger
Missiles
 h - 4 boomerangs (quivered)
 s - 6 boomerangs of dispersal
Armour
 b - a +0 robe (worn)
Scrolls
 d - a scroll of blinking {unknown}
 e - a scroll of silence
 f - a scroll of summoning {unknown}
 i - a scroll of fog {unknown}
 k - a scroll of immolation {unknown}
 l - a scroll of brand weapon {unknown}
 n - a scroll of acquirement {unknown}
 o - a scroll of fear {unknown}
 q - a scroll of amnesia {unknown}
 t - a scroll of enchant weapon
Potions
 j - 4 potions of heal wounds {unknown}
 m - a potion of mutation
 v - a potion of invisibility
 w - a potion of resistance


   Skills:
 + Level 6.6 Fighting
 - Level 0.8 Short Blades
 - Level 1.1 Maces & Flails
 - Level 4.0 Throwing
 - Level 1.7 Dodging
 - Level 2.1 Stealth
 - Level 2.4 Spellcasting
 - Level 2.6 Hexes


You had 8 spell levels left.
You knew the following spells:

 Your Spells              Type           Power      Damage    Failure   Level
a - Corona                Hex            11%        N/A       7%          1

Your spell library contained the following spells:

 Spells                   Type           Power      Damage    Failure   Level
 Ensorcelled Hibernation  Hex/Ice        12%        N/A       17%         2
 Confusing Touch          Hex            10%        N/A       21%         3
 Tukima's Dance           Hex            10%        N/A       21%         3
 Dazzling Flash           Conj/Hex       12%        N/A       34%         3
 Frozen Ramparts          Ice            2%         1d2       52%         3
 Ice Form                 Ice/Tmut       1%         N/A       89%         4
 Summon Ice Beast         Ice/Summ       1%         N/A       89%         4


Dungeon Overview and Level Annotations

Branches:
Dungeon (5/15)             Temple (1/1) D:4

Altars:
Ashenzari
Fedhas
Gozag
Hepliaklqana
Wu Jian
Zin

Shops:
D:2 ?**

Annotations:
D:2 exclusion: worm
D:3 3 runed translucent doors, Ravenswing17's ghost, amateur NaIE; Terence
D:5 3 runed translucent doors, Spectrina's ghost, amateur DEMo


Innate Abilities, Weirdness & Mutations

You are too large for most types of armour.
You have tough skin. (AC +1)


Message History

The iguana closely misses you.
You hit the iguana but do no damage.
The iguana is heavily wounded.
The iguana bites you!
You barely miss the iguana.
The iguana is heavily wounded.
The iguana bites you.
You hit the iguana but do no damage.
The iguana is heavily wounded.
The iguana bites you.
You hit the iguana but do no damage.
The iguana is heavily wounded.
The iguana barely misses you.
Hit: a) +0 whip
Press: ? - help, Dir - move target, f - iguana
Aim: an iguana (heavily wounded, about 39% to evade your +0 whip)
Okay, then.
Aiming: Iceblast
Press: ? - help, Shift-Dir - straight line The mass of ice explodes!
The iceblast engulfs the iguana.
The iguana is severely wounded.
The now-empty wand crumbles to dust.
The iguana bites you.
* * * LOW HITPOINT WARNING * * *
Unknown command.
Unknown command.
Unknown command.
You closely miss the iguana.
The iguana is severely wounded.
The iguana bites you but does no damage.
You closely miss the iguana.
The iguana is severely wounded.
The iguana bites you!
* * * LOW HITPOINT WARNING * * *
Throw: 7 boomerangs (disperse)
Press: ? - help, Shift-Dir - straight line, f - iguana
Aim: an iguana (severely wounded, 64% to hit)
You throw a boomerang of dispersal.
The boomerang of dispersal closely misses the iguana.
The iguana bites you!
You die...

. #...# ..##..##
#......#####
...........#
.#####..##########
##.###∩8.##.#
#.##.$...#.#
#..#8...h+.##
#..#∩.8ZT+@.#
#..#8$$.W+l.#
#..#....Z#..# .
#..##∩8.##.)# .
#...#####...# .
#....l.....## .
#..........# .
#...##.....#### .
###.#.......#


You could see a troll, a black bear, an iguana, Spectrina's ghost, an adder
zombie and a hound zombie.

Vanquished Creatures
  A phantom (D:4)
  2 scorpions (D:4)
  A hound (D:4)
  2 iguanas
  Robin (D:4)
  3 adders
  An adder skeleton (D:4)
  2 dart slugs (D:4)
  An orc (D:5)
  7 endoplasms
  4 giant cockroaches
  12 goblins
  10 hobgoblins
  7 jackals
  4 quokkas
  4 ball pythons
  5 bats
  4 frilled lizards
  9 kobolds
  8 rats
88 creatures vanquished.

Vanquished Creatures (others)
  A fungus (D:1)
  3 plants (D:1)
4 creatures vanquished.

Grand Total: 92 creatures vanquished

Notes
Turn   | Place    | Note
-------+----------+-------------------------------------------
     0 | D:1      | SnakkuSnakku7 the Ogre Enchanter began the quest for the
                  | Orb.
     0 | D:1      | Reached XP level 1. HP: 16/16 MP: 3/3
    55 | D:1      | Reached skill level 1 in Fighting
   205 | D:1      | Reached skill level 2 in Fighting
   205 | D:1      | Reached XP level 2. HP: 21/28 MP: 5/5
   257 | D:1      | Found a faded altar of an unknown god.
   759 | D:1      | Reached skill level 1 in Maces & Flails
   809 | D:1      | Reached skill level 1 in Throwing
   836 | D:2      | Found Poym's Assorted Antiques.
  1153 | D:2      | Reached XP level 3. HP: 33/35 MP: 6/6
  1568 | D:2      | HP: 1/36 [quokka (3)]
  1999 | D:2      | Found Xuwn's Assorted Antiques.
  2438 | D:2      | Found Borgh's Magic Scroll Shoppe.
  2596 | D:3      | Noticed Terence
  2738 | D:3      | Reached skill level 3 in Fighting
  2799 | D:3      | Found a runed translucent gate.
  2875 | D:3      | Found a runed translucent gate.
  2876 | D:3      | Found a runed translucent gate.
  2909 | D:3      | Noticed Ravenswing17's ghost (amateur NaIE)
  2928 | D:3      | Reached XP level 4. HP: 42/45 MP: 7/7
  3348 | D:4      | Noticed a phantom
  3392 | D:4      | Killed a phantom
  3393 | D:4      | Reached skill level 4 in Fighting
  3393 | D:4      | Reached XP level 5. HP: 31/54 MP: 8/8
  4161 | D:4      | Found a staircase to the Ecumenical Temple.
  4202 | Temple   | Entered the Ecumenical Temple
  4240 | Temple   | Became a worshipper of the Wu Jian Council
  4288 | D:4      | Reached skill level 5 in Fighting
  4288 | D:4      | Reached XP level 6. HP: 59/66 MP: 9/9
  4485 | D:4      | Noticed Robin
  4504 | D:4      | Killed Robin
  5292 | D:5      | Entered Level 5 of the Dungeon
  5302 | D:5      | Reached skill level 6 in Fighting
  5803 | D:5      | Noticed a sky beast
  5920 | D:5      | Found a runed translucent gate.
  5920 | D:5      | Found a runed translucent gate.
  5920 | D:5      | Found a runed translucent gate.
  5921 | D:5      | Found an opulent altar of Gozag.
  5922 | D:5      | Noticed a troll
  5922 | D:5      | Noticed Spectrina's ghost (amateur DEMo)
  5923 | D:5      | Noticed a black bear
  5943 | D:5      | Slain by an iguana

Illustrated notes

Levels and vault maps discovered:
D:1:      dpeg_arrival_pits, layout_loops_cross,
          shapermc_ecumenical_altar_mp_urbaneastern
D:2:      layout_loops_ring, serial_shops, shop, shop, shop
D:3:      layout_basic, gammafunk_ghost_icy, uniq_terence
D:4:      layout_basic, minmay_temple_entry_butterflies, uniq_robin
D:5:      layout_rooms, ebering_ghost_gozag, gup_sewer_entry_bowl,
          minmay_misc_feat_x
Temple:   regret_index_temple_generic_petals

Skill      XL: |  1  2  3  4  5  6 |
---------------+-------------------+-----
Fighting       | 2 3 4 5 6 |  6.6
Maces & Flails | 1 |  1.1
Throwing       | 1 2 3 4 |  4.0
Short Blades   | |  0.8
Dodging        | |  1.7
Stealth        | |  2.1
Spellcasting   | |  2.4
Hexes          | |  2.6

Action                   |  1- 3 |  4- 6 || total
-------------------------+-------+-------++-------
Melee: Dagger            |    16 |       ||    16
       Whip              |   225 |   196 ||   421
Throw: Boomerang         |    19 |    18 ||    37
       Dart              |       |    29 ||    29
 Cast: Corona            |     3 |       ||     3
Invok: Lunge             |       |     6 ||     6
Evoke: Wand              |       |     7 ||     7
  Use: Potion            |     1 |       ||     1
       Scroll            |       |     8 ||     8
 Stab: Sleeping          |     4 |     2 ||     6
Armor: Robe              |   109 |    62 ||   171
Dodge: Dodged            |   126 |   109 ||   235
